 Dungeon Crawl Stone Soup version 0.28.0-53-g5a82cb258f (webtiles) character file.

Game seed: 11644744380748371650

97 Stomo the Skirmisher (level 4, -5/40 HPs)
             Began as a Ghoul Monk on July 2, 2022.
             Slain by Sigmund
             ... wielding a +0 scythe
              (12 damage)
             ... on level 2 of the Dungeon.
             The game lasted 00:02:36 (2589 turns).

Stomo the Skirmisher (Ghoul Monk)                   Turns: 2589, Time: 00:02:37

Health: -5/40      AC:  5    Str: 16    XL:     4   Next: 68%
Magic:  3/3        EV: 12    Int:  5    God:
Gold:   50         SH:  0    Dex: 11    Spells: 3/3 levels left

rFire   . . .      SeeInvis .   a - +0 mace
rCold   + . .      Faith    .   (no shield)
rNeg    + + +      Spirit   .   h - +0 leather armour
rPois   ∞          Reflect  .   (no helmet)
rElec   .          Harm     .   j - +0 cloak
rCorr   .          Rampage  .   (no gloves)
Will    .....                   i - +0 pair of boots
Stlth   ++........              (no amulet)
HPRegen 0.00/turn               (no ring)
MPRegen 0.08/turn               (no ring)

@: inhibited regen
A: claws 1, cold resistance 1, negative energy resistance 3, inhibited
regeneration, torment resistance 2
a: no special abilities


You were on level 2 of the Dungeon.
You visited 1 branch of the dungeon, and saw 2 of its levels.

You collected 50 gold pieces.

Inventory:

Hand Weapons
 a - a +0 mace (weapon)
Armour
 b - a +0 robe
 h - a +0 leather armour (worn)
 i - a +0 pair of boots (worn)
 j - a +0 cloak (worn)
Scrolls
 d - a scroll of magic mapping {unknown}
 e - a scroll of enchant armour {unknown}
 g - a scroll of identify {unknown}
Potions
 c - a potion of lignification
 f - a potion of might {unknown}


   Skills:
 + Level 4.1 Fighting
 + Level 3.4 Maces & Flails
 + Level 1.1 Armour
 + Level 3.4 Dodging
 - Level 2.1 Stealth


You had 3 spell levels left.
You didn't know any spells.
Your spell library was empty.

Dungeon Overview and Level Annotations

Branches:
Dungeon (2/15)

Altars:

Annotations:
D:2 1 runed translucent door, Crazy Yiuf, Natasha, Sigmund


Innate Abilities, Weirdness & Mutations

You thrive by killing the living.
You are immune to poison.
You have sharp fingernails.
Your flesh is cold resistant. (rC+)
You are immune to negative energy. (rN+++)
You do not regenerate when monsters are visible.
You are immune to unholy pain and torment.


Message History

The orc is heavily wounded.
The orc misses you.
You hit the orc.
The orc is severely wounded.
The white imp disappears in a puff of smoke!
The orc barely misses you. The orc hits you but does no damage.
You closely miss the orc.
The orc is severely wounded.
The orc barely misses you.
You hit the orc.
You kill the orc!
You feel better.
The crimson imp disappears in a puff of smoke!
The hobgoblin barely misses you.
Natasha mumbles some strange words.
Items here: ))) †††.
You hit the hobgoblin.
The hobgoblin is moderately wounded.
The hobgoblin closely misses you. Something hits you.
Natasha casts a spell.
The hobgoblin hits you.
You barely miss the hobgoblin.
The hobgoblin is moderately wounded.
The crimson imp blinks!
The hobgoblin misses you. Something barely misses you.
You closely miss the hobgoblin.
The hobgoblin is moderately wounded.
The hobgoblin completely misses you.
You closely miss the hobgoblin.
The hobgoblin is moderately wounded.
Something barely misses you. The hobgoblin closely misses you.
You hit the hobgoblin but do no damage.
The hobgoblin is moderately wounded.
The hobgoblin hits you. Something hits you!
You sock the hobgoblin!
You kill the hobgoblin!
Something hits you!
* * * LOW HITPOINT WARNING * * *
Natasha casts a spell.
Something hits you!
You die...

#.###........####....
#.)..........##......
####....(....##......
#.........##......
#.........##......
#.........##.....(
#.##########......
#.# ######' ### #@#
#. #... #)# #.
#....#g####### ##
+....'ho...... #
#......5...... #
+..####.###### # #.
.. # # (.. (.8#


You could see Natasha, a crimson imp (summoned), an orc and a goblin.

Vanquished Creatures
  Natasha (D:2)
  An adder (D:2)
  A dart slug (D:2)
  2 orcs (D:2)
  8 ball pythons
  2 endoplasms
  3 giant cockroaches (D:1)
  8 goblins
  7 hobgoblins
  4 jackals (D:2)
  3 quokkas (D:1)
  5 bats
  A frilled lizard (D:1)
  5 kobolds
  2 rats
53 creatures vanquished.

Notes
Turn   | Place    | Note
-------+----------+-------------------------------------------
     0 | D:1      | Stomo the Ghoul Monk began the quest for the Orb.
     0 | D:1      | Reached XP level 1. HP: 19/19 MP: 0/0
   359 | D:1      | Reached XP level 2. HP: 22/26 MP: 1/1
   408 | D:1      | Found a faded altar of an unknown god.
   643 | D:1      | HP: 1/26 [quokka (3)]
  1343 | D:1      | Reached XP level 3. HP: 33/33 MP: 2/2
  1879 | D:2      | Found a runed translucent door.
  1880 | D:2      | Noticed Crazy Yiuf
  1975 | D:2      | Noticed Natasha
  2005 | D:2      | HP: 1/33 [Natasha (1)]
  2008 | D:2      | Killed Natasha
  2009 | D:2      | Reached skill level 4 in Fighting
  2009 | D:2      | Reached XP level 4. HP: 5/40 MP: 3/3
  2428 | D:2      | Reached skill level 1 in Armour
  2560 | D:2      | Noticed Sigmund
  2560 | D:2      | Noticed Natasha
  2589 | D:2      | Slain by Sigmund

Illustrated notes

Levels and vault maps discovered:
D:1:      lordsloth_arrival_two_stooges, layout_basic,
          hellmonk_ecumenical_altar_crossroads, minmay_pentomino_s2
D:2:      layout_basic, guppyfry_early_orc_mine, uniq_crazy_yiuf_cottage,
          uniq_natasha, uniq_sigmund

Skill      XL: |  1  2  3  4 |
---------------+-------------+-----
Dodging        | 3 |  3.4
Maces & Flails | 3 |  3.4
Fighting       | 4 |  4.1
Armour         | 1 |  1.1
Stealth        | |  2.1

Action                   |  1- 3 |  4- 6 || total
-------------------------+-------+-------++-------
Melee: Mace              |   142 |    47 ||   189
       Punch             |     3 |     1 ||     4
  Use: Potion            |     1 |       ||     1
 Stab: Sleeping          |     5 |       ||     5
Armor: Robe              |    15 |       ||    15
       Leather armour    |    33 |     7 ||    40
Dodge: Dodged            |   116 |    39 ||   155
